 Seeded DCSS version 0.31.0-11-ge490571c62 (webtiles) character file.

Game seed: 2 (custom seed)

16314 Kazon the Sneak (level 12, -6/80 HPs)
             Began as an Octopode Shapeshifter on Jan 30, 2024.
             Was a High Priest of Okawaru.
             Mangled by a skeletal warrior
             ... wielding a +0 battleaxe
              (14 damage)
             ... on level 11 of the Dungeon on Jan 31, 2024.
             The game lasted 00:47:46 (7768 turns).

Kazon the Sneak (Octopode Shapeshifter)             Turns: 7768, Time: 00:47:46

Health: -6/80      AC:  5    Str: 19    XL:     12   Next: 36%
Magic:  17/17      EV: 17    Int: 15    God:    Okawaru [*****.]
Gold:   254        SH: 11    Dex: 19    Spells: 11/11 levels left

rFire   + . .        q - +1 flail of Prescription {flame, rN+ Will+ Int+3}
rCold   + . .        c - +0 buckler
rNeg    + . .        (helmet currently unavailable)
rPois   +            S - amulet of reflection
rElec   .            k - +4 ring of slaying
rCorr   +            j - +4 ring of protection
SInv    .            y - +6 ring of dexterity
Will    ++...        C - ring of poison resistance
Stlth   +++++        I - ring of resist corrosion
HPRegen 0.33/turn    K - ring of protection from cold
MPRegen 0.15/turn    T - ring of protection from fire
                     (no ring)

%: reflection
@: beast-form
A: beast (slay +4), almost no armour, amphibious, 8 rings, camouflage 1,
gelatinous body 1, (nimble swimmer 1), tentacles, strong-willed 1, screaming 1,
strong 1
a: Begin Untransformation, Renounce Religion, Heroism, Finesse, Duel


You were on level 11 of the Dungeon.
You worshipped Okawaru.
Okawaru was extremely pleased with you.
You were a hulking beast.
You visited 2 branches of the dungeon, and saw 12 of its levels.
You also visited: Ossuary and Bailey.

You collected 666 gold pieces.
You spent 412 gold pieces at shops.

Inventory:

Hand Weapons
 e - a +2 dagger of venom
 f - a +2 rapier of freezing
 q - the +1 flail of Prescription (weapon) {flame, rN+ Will+ Int+3}
   (You bought it in a shop on level 2 of the Dungeon)

   Int+3:     It affects your intelligence (+3).
   rN+:       It protects you from negative energy.
   Will+:     It increases your willpower.
Missiles
 n - 14 poisoned darts
 O - 17 stones
 W - 4 atropa-tipped darts
Armour
 c - a +0 buckler (worn)
 v - an orb of mayhem
 J - a +0 hat
Jewellery
 j - a +4 ring of protection (right tentacle)
 k - a +4 ring of slaying (left tentacle)
 y - a +6 ring of dexterity (on tentacle)
 C - a ring of poison resistance (on tentacle)
 I - a ring of resist corrosion (on tentacle)
 K - a ring of protection from cold (on tentacle)
 S - an amulet of reflection (around mantle)
 T - a ring of protection from fire (on tentacle)
 Y - a ring of ice
 Z - a ring of protection from cold
Talismans
 b - a beast talisman
 w - a flux talisman
 x - a serpent talisman
Wands
 P - a wand of flame (12)
 Q - a wand of mindburst (17)
 R - a wand of light (10)
 X - a wand of iceblast (2)
Scrolls
 g - 2 scrolls of immolation {unknown}
 h - a scroll of poison {unknown}
 i - 6 scrolls of identify
 m - 2 scrolls of noise {unknown}
 p - 5 scrolls of vulnerability {unknown}
 r - 2 scrolls of enchant armour {unknown}
 t - 5 scrolls of teleportation
 F - 2 scrolls of torment
 M - 2 scrolls of revelation {unknown}
 N - 2 scrolls of fear {unknown}
 U - a scroll of amnesia {unknown}
 V - a scroll of brand weapon {unknown}
Potions
 a - 6 potions of lignification
 l - 2 potions of cancellation {unknown}
 o - a potion of degeneration {unknown}
 s - 2 potions of might
 z - 2 potions of heal wounds
 A - 3 potions of curing
 B - 2 potions of resistance {unknown}
 D - 4 potions of ambrosia {unknown}
 E - 3 potions of mutation
 G - 2 potions of berserk rage {unknown}
 H - 3 potions of haste {unknown}
 L - 3 potions of enlightenment {unknown}
Miscellaneous
 d - a lightning rod (inert) (quivered)


   Skills:
 * Level 6.6 Fighting
 + Level 6.7 Short Blades
 + Level 4.1 Maces & Flails
 + Level 6.7 Throwing
 * Level 6.9 Dodging
 + Level 7.7 Stealth
 * Level 6.5 Shields
 + Level 3.0 Unarmed Combat
 * Level 7.0 Invocations
 * Level 5.5 Evocations
 * Level 7.4 Shapeshifting


You had 11 spell levels left.
You didn't know any spells.
Your spell library contained the following spells:

 Spells                   Type           Power      Damage    Failure   Level
 Apportation              Tloc           0%         N/A       32%         1
 Jinxbite                 Hex            0%         N/A       43%         2
 Sublimation of Blood     Necr           0%         N/A       43%         2
 Manifold Assault         Tloc           0%         N/A       97%         4
 Alistair's Intoxication  Alch           0%         N/A       100%        5
 Dispersal                Tloc           0%         N/A       100%        6
 Disjunction              Tloc           0%         N/A       100%        8
 Call Imp                 Summ           Unusable   N/A       N/A         2
 Summon Hydra             Summ           Unusable   N/A       N/A         7

Dungeon Overview and Level Annotations

Branches:
Dungeon (11/15)            Temple (1/1) D:5            Lair (0/5) D:9
    Orc (0/2) D:9         Ossuary (visited)          Bailey (visited)

Altars:
Ashenzari
Cheibriados
Dithmenos
Elyvilon
Fedhas
Gozag
Hepliaklqana
Kikubaaqudgha
Makhleb
Nemelex Xobeh
Okawaru
Qazlal
Ru
Sif Muna
Trog
Uskayaw
Vehumet
Wu Jian
Xom
Yredelemnul
Zin
The Shining One

Shops:
D:2 (   D:3 (   D:10 *

Annotations:
D:11 Harold


Innate Abilities, Weirdness & Mutations

You are a hulking beast.
Your limbs bulge with bestial killing power. (Slay +4)
You cannot wear most types of armour.
You are amphibious.
You can wear up to eight rings at the same time.
Your skin changes colour to match your surroundings (Stealth+).
Your rubbery body absorbs attacks. (AC +1, EV +1)
((You are camouflaged when in or above water. (Stealth+)))
You have tentacles for arms and can constrict up to eight enemies at once.
You are strong-willed. (Will+)
You occasionally shout uncontrollably at your foes.
Your muscles are strong. (Str +4, Int/Dex -1)


Message History

The stone hits the skeletal warrior but does no damage.
Unknown command.
Aiming: Thunderbolt
Press: ? - help, Q - select action, (/) - cycle Shift-Dir - straight line, f - skeletal warrior, p - skeletal warrior
Aim: a skeletal warrior, wielding a +0 battleaxe The thunderbolt hits the skeletal warrior!
The skeletal warrior is moderately damaged.
The thunderbolt hits the skeletal warrior!!
The skeletal warrior is moderately damaged.
Aiming: Thunderbolt
Press: ? - help, Q - select action, (/) - cycle Shift-Dir - straight line, f/p - skeletal warrior
Aim: a skeletal warrior, wielding a +0 battleaxe (moderately damaged)
The thunderbolt hits the skeletal warrior!!
The skeletal warrior is severely damaged.
The thunderbolt hits the skeletal warrior!
The skeletal warrior is heavily damaged.
The lightning rod overheats!
The skeletal warrior hits you with a +0 scimitar of electrocution!!
Unknown command.
You thump the skeletal warrior! You burn the skeletal warrior.
You grab the skeletal warrior. You squeeze the skeletal warrior.
The skeletal warrior is almost destroyed.
You constrict the skeletal warrior.
You destroy the skeletal warrior!
Okawaru is honoured by your kill.
You hit the skeletal warrior. You burn the skeletal warrior.
Your grab misses the skeletal warrior.
The skeletal warrior is heavily damaged.
The skeletal warrior hits you with a +0 battleaxe!!
* * * LOW HITPOINT WARNING * * *
You hit the skeletal warrior but do no damage.
You grab the skeletal warrior.
The skeletal warrior is heavily damaged.
You constrict the skeletal warrior. The skeletal warrior misses you.
You hit the skeletal warrior but do no damage.
The skeletal warrior is heavily damaged.
You constrict the skeletal warrior, but do no damage.
You block the skeletal warrior's attack.
The skeletal warrior hits you with a +0 battleaxe!
You die...

#.....##.# #.............#
#.....##.################'#####
#.....##>....# #.......#
#.....##.###.## #.......#
#.....##.###..## #.......#
#.....##...##..## ###'#####
#.....####.###..# #.#
#........†......#########.#######
#####.....####..hz...............
#.....# ######.#####.^..####
#.....# ##..####....# #.....#
##≈z)........# ####.....#
##≈≈~.###.#.<.#
#..'.....######≈≈≈~.≈##.#.:.#
#.##...........~≈≈~.(≈#.#...#
##.##.###.......~≈≈~.~≈~.....##
......# #.......≈≈≈~.≈~##......


You could see a skeletal warrior.

Vanquished Creatures
  Fannar (D:10)
  An ogre mage (D:9)
  A two-headed ogre (D:9)
  3 death yaks (D:9)
  Urug (D:10)
  A deep elf knight (D:9)
  4 skeletal warriors (D:11)
  An orc knight (Bailey)
  2 deep elf pyromancers
  3 ugly things
  A cyclops (D:11)
  A black mamba (shapeshifter) (D:9)
  A gargoyle (D:11)
  A komodo dragon (D:10)
  Jeremiah (D:7)
  A troll (D:10)
  A hornet (D:10)
  A water elemental (D:11)
  A basilisk (D:9)
  A yak (D:9)
  Grum (D:10)
  A steam dragon (D:8)
  3 water moccasins (D:7)
  An ice beast (D:8)
  A sky beast (D:6)
  2 black bears
  7 orc warriors
  9 centaurs
  2 ogres
  2 wolves (D:10)
  A phantom (D:4)
  2 gnoll sergeants
  2 bullfrogs (D:9)
  2 scorpions
  6 water moccasin zombies (Ossuary)
  3 wights (D:8)
  A burial acolyte (Ossuary)
  5 killer bees (D:10)
  A howler monkey (D:11)
  An electric eel (D:11)
  2 bombardier beetles
  A jelly (D:8)
  2 hounds
  2 iguanas
  9 orc wizards
  3 hell rats (D:9)
  2 crocodile zombies (Ossuary)
  A bullfrog simulacrum (Ossuary)
  2 mummies (Ossuary)
  8 adders
  5 gnolls (D:6)
  A shadow imp (D:8)
  2 white imps
  2 ufetubi (D:6)
  4 adder zombies (Ossuary)
  3 dart slugs
  A ribbon worm (D:2)
  26 orcs
  3 ball pythons
  5 bats
  11 endoplasms
  2 giant cockroaches (D:3)
  10 gnoll zombies (Ossuary)
  12 goblins
  2 hobgoblins
  2 jackals (D:3)
  9 quokkas
  2 frilled lizards
  2 jackal zombies (Ossuary)
  2 kobolds
  4 orc zombies (Ossuary)
  4 rats
227 creatures vanquished.

Vanquished Creatures (collateral kills)
  An orc warrior (Bailey)
1 creature vanquished.

Grand Total: 228 creatures vanquished

Notes
Turn   | Place    | Note
-------+----------+-------------------------------------------
     0 | D:1      | Kazon the Octopode Shapeshifter began the quest for the
                  | Orb.
     0 | D:1      | Reached XP level 1. HP: 13/13 MP: 1/1
    66 | D:1      | Reached XP level 2. HP: 12/18 MP: 2/2
   752 | D:2      | Reached XP level 3. HP: 12/23 MP: 3/3
   771 | D:2      | Found Weaqack's Weapon Shop.
   784 | D:2      | Gained mutation: Your magical capacity is low. (-10% MP)
                  | [potion of mutation]
   784 | D:2      | HP: 1/23 [poisoned by an adder]
   854 | D:2      | You fall into a shaft and drop 1 floor!
   912 | D:3      | Reached XP level 4. HP: 26/28 MP: 3/3
   951 | D:3      | Found Hivuethe's Antique Weapon Shoppe.
   968 | D:3      | Reached skill level 1 in Stealth
   971 | D:3      | Noticed an ogre
   985 | D:3      | Killed an ogre
   986 | D:3      | Reached skill level 1 in Short Blades
   986 | D:3      | Reached skill level 1 in Throwing
   986 | D:3      | Reached XP level 5. HP: 25/34 MP: 4/4
  1016 | D:3      | Found a shimmering altar of Xom.
  1017 | D:3      | Found a shimmering altar of Xom.
  1017 | D:3      | Found a shimmering altar of Xom.
  1074 | D:2      | Lost mutation: Your magical capacity is low. (-10% MP)
                  | [potion of mutation]
  1074 | D:2      | Gained mutation: You are strong-willed. (Will+) [potion of
                  | mutation]
  1074 | D:2      | Gained mutation: Your muscles are strong. (Str +4, Int/Dex
                  | -1) [potion of mutation]
  1074 | D:2      | Gained mutation: You occasionally shout uncontrollably at
                  | your foes. [potion of mutation]
  1535 | D:4      | Found a sacrificial altar of Ru.
  1614 | D:4      | Noticed a phantom
  1634 | D:4      | Killed a phantom
  1635 | D:4      | Reached XP level 6. HP: 23/39 MP: 2/6
  1918 | D:5      | Entered Level 5 of the Dungeon
  1923 | D:5      | Reached skill level 1 in Shields
  1942 | D:5      | Reached XP level 7. HP: 39/45 MP: 7/7
  2026 | D:5      | Found a staircase to the Ecumenical Temple.
  2035 | Temple   | Entered the Ecumenical Temple
  2042 | Temple   | Became a worshipper of Warmaster Okawaru
  2135 | D:5      | Found a sand-covered staircase.
  2144 | Ossuary  | Entered an ossuary
  2223 | Ossuary  | Reached skill level 1 in Invocations
  2292 | Ossuary  | Reached * piety under Okawaru
  2293 | Ossuary  | Reached XP level 8. HP: 51/51 MP: 8/8
  2459 | D:5      | Reached skill level 5 in Shapeshifting
  2987 | D:6      | Reached ** piety under Okawaru
  2988 | D:6      | Reached skill level 5 in Stealth
  3274 | D:6      | Reached XP level 9. HP: 57/57 MP: 10/10
  3288 | D:6      | Reached skill level 5 in Short Blades
  3638 | D:7      | Found a flagged portal.
  3656 | Bailey   | Entered a bailey
  3829 | Bailey   | Noticed an orc knight
  3926 | Bailey   | Killed an orc knight
  3930 | Bailey   | Reached *** piety under Okawaru
  3983 | Bailey   | Found a large runed translucent door.
  3983 | Bailey   | Found a large runed translucent door.
  3985 | Bailey   | Noticed a deep elf pyromancer
  4156 | Bailey   | Killed a deep elf pyromancer
  4157 | Bailey   | Reached skill level 5 in Throwing
  4157 | Bailey   | Reached skill level 5 in Dodging
  4157 | Bailey   | Reached XP level 10. HP: 64/65 MP: 11/13
  4179 | Bailey   | Identified the +5 ring mail of the Moneychanger {Will+
                  | Str+2}
  4358 | D:7      | Noticed Jeremiah
  4765 | D:7      | Noticed a deep elf pyromancer
  4775 | D:7      | Killed a deep elf pyromancer
  4775 | D:7      | Reached **** piety under Okawaru
  4776 | D:7      | Reached skill level 1 in Evocations
  5044 | D:2      | Bought the +1 flail of Prescription {flame, rN+ Will+
                  | Int+3} for 412 gold pieces
  5138 | D:7      | Killed Jeremiah
  5733 | D:9      | Found an ancient bone altar of Kikubaaqudgha.
  5763 | D:9      | Identified the +5 scale mail of Ruestycs {rF- Regen+ Str+2}
  5797 | D:9      | Noticed a two-headed ogre
  5809 | D:9      | Killed a two-headed ogre
  5809 | D:9      | Reached ***** piety under Okawaru
  5810 | D:9      | Reached skill level 5 in Fighting
  5810 | D:9      | Reached skill level 1 in Maces & Flails
  5810 | D:9      | Reached skill level 5 in Invocations
  5956 | D:9      | Found a staircase to the Orcish Mines.
  6033 | D:9      | Found a runed translucent door.
  6033 | D:9      | Noticed a green ugly thing
  6038 | D:9      | Killed a green ugly thing
  6039 | D:9      | Reached XP level 11. HP: 63/72 MP: 14/14
  6039 | D:9      | Noticed an ogre mage
  6045 | D:9      | Killed an ogre mage
  6046 | D:9      | Reached skill level 5 in Shields
  6058 | D:9      | Noticed a purple ugly thing
  6060 | D:9      | Killed a purple ugly thing
  6061 | D:9      | Noticed a deep elf knight
  6064 | D:9      | Killed a deep elf knight
  6081 | D:9      | Identified the +0 ring mail "Huforom" {rF+}
  6249 | D:9      | Noticed a death yak
  6252 | D:9      | Noticed a death yak
  6261 | D:9      | Noticed a death yak
  6270 | D:9      | Killed a death yak
  6273 | D:9      | Killed a death yak
  6282 | D:9      | Killed a death yak
  6282 | D:9      | Received a gift from Okawaru
  6295 | D:9      | Found a staircase to the Lair.
  6396 | D:10     | Entered Level 10 of the Dungeon
  6408 | D:10     | Noticed Fannar
  6421 | D:10     | Killed Fannar
  6504 | D:10     | Noticed a green ugly thing
  6511 | D:10     | Killed a green ugly thing
  6677 | D:10     | Noticed Grum
  6690 | D:10     | Killed Grum
  6922 | D:10     | Found Kynau's Lightly-Used Armoury.
  6924 | D:10     | Reached skill level 5 in Evocations
  6951 | D:10     | Noticed Urug
  6974 | D:10     | Killed Urug
  6975 | D:10     | Reached XP level 12. HP: 54/79 MP: 16/16
  7345 | D:11     | Received a gift from Okawaru
  7346 | D:11     | HP: 4/80 [skeletal warrior/+1 scimitar of protection (28)]
  7349 | D:11     | Noticed Harold
  7472 | D:11     | Found a glowing golden altar of the Shining One.
  7747 | D:11     | Identified the +5 mace "Trog's Righteous Anger" {venom,
                  | ^Contam rC+ rCorr SInv}
  7768 | D:11     | Mangled by a skeletal warrior

Illustrated notes

Levels and vault maps discovered:
D:1:      lightli_arrival_noodles, layout_loops_ring, skrybe_limestone_x
D:2:      layout_rooms, serial_shops, shop
D:3:      layout_basic, xom_redecorated, serial_shops, nicolae_shop_stone
D:4:      layout_rooms, mainiacjoe_overflow_six_doors_small,
          minmay_misc_feat_five
D:5:      layout_loops_ring, temple_pool_b, mainiacjoe_ossuary_entry_dusty_tomb
D:6:      layout_loops_ring, dk_noncrumbling_3
D:7:      layout_loops_cross, enter_bailey_5, guppyfry_early_elven_hall,
          uniq_jeremiah
D:8:      layout_basic
D:9:      cheibrodos_helix_gallery, layout_basic, lemuel_crystal_altar,
          dpeg_lair_monsters, orc_0_dummy, minivault_13
D:10:     layout_irregular_city, minmay_shop_damaged, minmay_misc_feat_tiny,
          uniq_fannar, uniq_urug, uniq_grum
D:11:     layout_basic, tso_oasis_becter, uniq_maurice, uniq_harold
Temple:   hellmonk_temple_of_storms

Skill      XL: |  1  2  3  4  5  6  7  8  9 10 11 12 |
---------------+-------------------------------------+-----
Stealth        | 1 2 3 4 5 6 7 |  7.7
Short Blades   | 1 2 3 4 5 6 |  6.7
Throwing       | 1 2 3 5 6 |  6.7
Shapeshifting  | 4 5 6 7 |  7.4
Fighting       | 2 3 4 5 6 |  6.6
Dodging        | 3 4 5 6 |  6.9
Shields        | 1 2 3 4 6 |  6.5
Invocations    | 1 2 4 5 6 7 |  7.0
Evocations     | 3 5 |  5.5
Maces & Flails | 1 3 4 |  4.1
Unarmed Combat | |  3.0

Action                     |  1- 3 |  4- 6 |  7- 9 | 10-12 || total
---------------------------+-------+-------+-------+-------++-------
  Melee: Unarmed           |     5 |       |       |       ||     5
         Dagger            |    40 |    71 |   189 |    83 ||   383
         Constrict         |    10 |    15 |    48 |    41 ||   114
         Tentacles         |     8 |     9 |    54 |    58 ||   129
         Punch             |       |     1 |     5 |    11 ||    17
         Flail             |       |       |       |    88 ||    88
         Rapier            |       |       |       |    36 ||    36
  Throw: Stone             |     6 |     7 |    32 |    22 ||    67
         Dart              |       |     2 |    26 |    20 ||    48
 Invoke: Heroism           |       |       |     2 |     3 ||     5
  Evoke: Lightning rod     |       |       |       |    15 ||    15
         Wand              |       |       |       |     4 ||     4
    Use: Potion            |     3 |     1 |       |     1 ||     5
         Scroll            |       |       |     4 |     2 ||     6
   Stab: Sleeping          |     4 |     6 |     9 |     9 ||    28
         Distracted        |       |       |       |     2 ||     2
 Armour: Skin              |    17 |    24 |    83 |    64 ||   188
  Dodge: Dodged            |    19 |    25 |    99 |    68 ||   211
  Block: Buckler           |       |     5 |    26 |    88 ||   119
         Reflection        |       |       |       |     7 ||     7
